 Dungeon Crawl Stone Soup version 0.25-a0-460-g4f2eb97ec1 (webtiles) character file.

Game seed: 14945363642857632060, levelgen mode: deterministic

123 ReteAZ the Fighter (level 5, -5/51 HPs)
             Began as a Gnoll Wanderer on Feb 3, 2020.
             Slain by an ogre
             ... wielding a +0 giant spiked club
              (8 damage)
             ... on level 4 of the Dungeon.
             The game lasted 00:03:00 (2057 turns).

ReteAZ the Fighter (Gnoll Wanderer)                 Turns: 2057, Time: 00:03:01

Health: -5/51      AC:  8    Str: 12    XL:     5   Next: 7%
Magic:  6/6        EV:  6    Int: 17    God:
Gold:   167        SH:  6    Dex: 15    Spells: 6/6 levels left

rFire    . . .     SeeInvis +   g - +3 dagger (venom)
rCold    . . .     Gourm    .   e - +1 buckler
rNeg     + . .     Faith    .   o - +0 chain mail
rPois    .         Spirit   .   (no helmet)
rElec    .         Reflect  .   (no cloak)
rCorr    .         Harm     .   (no gloves)
MR       .....                  (no boots)
Stlth    ..........             (no amulet)
HPRegen  0.17/turn              k - ring of positive energy
MPRegen  0.10/turn              l - ring of see invisible

@: no status effects
A: distributed training, fangs 1, strong nose
a: no special abilities


You were on level 4 of the Dungeon.
You were not hungry.

You visited 1 branch of the dungeon, and saw 4 of its levels.

You collected 167 gold pieces.

Inventory:

Hand Weapons
 a - a +0 hand crossbow
 g - a +3 dagger of venom (weapon)
Missiles
 d - 7 bolts
Armour
 c - a +2 leather armour
 e - a +1 buckler (worn)
 o - a +0 chain mail (worn)
Jewellery
 k - a ring of positive energy (left hand)
 l - a ring of see invisible (right hand)
Wands
 v - a wand of random effects (10)
Scrolls
 h - a scroll of immolation {unknown}
 i - 2 scrolls of identify
 j - 2 scrolls of teleportation {unknown}
 n - a scroll of enchant armour
 p - a scroll of enchant weapon {unknown}
 s - a scroll of random uselessness
 u - a scroll of blinking {unknown}
Potions
 b - 4 potions of curing
 m - a potion of flight
 q - a potion of agility {unknown}
 t - 2 potions of haste {unknown}
Comestibles
 f - 10 rations


   Skills:
 + Level 8.6 Fighting
 + Level 1.3 Short Blades
 + Level 1.3 Long Blades
 + Level 1.3 Axes
 + Level 1.3 Maces & Flails
 + Level 1.3 Polearms
 + Level 1.3 Staves
 + Level 1.3 Slings
 + Level 1.3 Bows
 + Level 2.8 Crossbows
 + Level 1.3 Throwing
 + Level 1.3 Armour
 + Level 2.8 Dodging
 + Level 2.6 Stealth
 + Level 2.8 Shields
 + Level 4.7 Unarmed Combat
 + Level 1.3 Spellcasting
 + Level 1.0 Conjurations
 + Level 1.0 Hexes
 + Level 1.0 Charms
 + Level 1.0 Summonings
 + Level 1.0 Necromancy
 + Level 1.0 Translocations
 + Level 1.0 Transmutations
 + Level 1.0 Fire Magic
 + Level 1.0 Ice Magic
 + Level 1.0 Air Magic
 + Level 1.0 Earth Magic
 + Level 1.0 Poison Magic
 + Level 1.4 Invocations
 + Level 1.3 Evocations


You had 6 spell levels left.
You didn't know any spells.
Your spell library was empty.

Dungeon Overview and Level Annotations

Branches:
Dungeon (4/15)
 Temple: D:4-7

Altars:


Innate Abilities, Weirdness & Mutations

Your experience applies equally to all skills.
You have very sharp teeth.
Your uncanny sense of smell can sniff out nearby items.


Message History

You are too injured to fight recklessly!
You hit the ogre.
The ogre is poisoned.
The ogre is lightly wounded.
You kill the jackal!
You barely miss the ogre.
The ogre is lightly wounded.
The ogre hits you but does no damage.
Your chain mail prevents you from hitting the ogre.
The ogre is moderately wounded.
The ogre hits you with a +0 giant spiked club!!
Ouch! That really hurt!
* * * LOW HITPOINT WARNING * * *
You hit the ogre.
The ogre looks as sick as possible!
The ogre is heavily wounded.
The ogre hits you with a +0 giant spiked club.
* * * LOW HITPOINT WARNING * * *
You hit the ogre.
The ogre looks as sick as possible!
The ogre is severely wounded.
The ogre hits you with a +0 giant spiked club!
You die...

.......
....< ∆
#...# ##...#
#....#
+..<.#
####(# ##.##
#.####
#.....#O@.)#
∆
#.....'....#
#.....#....#
#.... #....+
#### ###.##
## ∆


You could see an ogre.

Vanquished Creatures
  A crimson imp (D:2)
  An orc priest (D:3)
  2 worms (D:3)
  2 dart slugs
  2 leopard geckos
  4 orcs (D:3)
  2 bats (D:1)
  2 giant cockroaches (D:1)
  4 goblins
  7 hobgoblins (D:3)
  3 jackals (D:4)
  A ball python (D:1)
  A frilled lizard (D:1)
  4 kobolds
  9 rats
45 creatures vanquished.

Notes
Turn   | Place    | Note
-------+----------+-------------------------------------------
     0 | D:1      | ReteAZ the Gnoll Wanderer began the quest for the Orb.
     0 | D:1      | ReteAZ set off with the following items: a +0 hand
                  | crossbow, a potion of curing, a +2 leather armour, 23
                  | bolts, a ration
     0 | D:1      | Reached XP level 1. HP: 26/26 MP: 1/1
   221 | D:1      | Reached XP level 2. HP: 33/33 MP: 2/2
   877 | D:2      | Noticed a crimson imp
   882 | D:2      | Killed a crimson imp
   882 | D:2      | Reached skill level 1 in Invocations
   882 | D:2      | Reached XP level 3. HP: 36/38 MP: 2/4
  1032 | D:2      | Reached skill level 1 in Short Blades
  1032 | D:2      | Reached skill level 1 in Long Blades
  1032 | D:2      | Reached skill level 1 in Axes
  1032 | D:2      | Reached skill level 1 in Maces & Flails
  1032 | D:2      | Reached skill level 1 in Polearms
  1032 | D:2      | Reached skill level 1 in Staves
  1032 | D:2      | Reached skill level 1 in Slings
  1032 | D:2      | Reached skill level 1 in Bows
  1032 | D:2      | Reached skill level 1 in Throwing
  1032 | D:2      | Reached skill level 1 in Armour
  1032 | D:2      | Reached skill level 1 in Spellcasting
  1032 | D:2      | Reached skill level 1 in Evocations
  1060 | D:2      | Reached XP level 4. HP: 45/45 MP: 5/5
  1135 | D:2      | You fall into a shaft and drop 1 floor!
  1151 | D:3      | Reached skill level 1 in Conjurations
  1151 | D:3      | Reached skill level 1 in Hexes
  1151 | D:3      | Reached skill level 1 in Charms
  1151 | D:3      | Reached skill level 1 in Summonings
  1151 | D:3      | Reached skill level 1 in Necromancy
  1151 | D:3      | Reached skill level 1 in Translocations
  1151 | D:3      | Reached skill level 1 in Transmutations
  1151 | D:3      | Reached skill level 1 in Fire Magic
  1151 | D:3      | Reached skill level 1 in Ice Magic
  1151 | D:3      | Reached skill level 1 in Air Magic
  1151 | D:3      | Reached skill level 1 in Earth Magic
  1151 | D:3      | Reached skill level 1 in Poison Magic
  1640 | D:3      | Reached XP level 5. HP: 51/51 MP: 6/6
  2045 | D:4      | Noticed an ogre
  2057 | D:4      | Slain by an ogre

Levels and vault maps discovered:
D:1:      dpeg_arrival_radiant, layout_basic
D:2:      layout_loops_corners
D:3:      layout_basic, serial_corexii_hall, corexii_hall_statues_s,
          chequers_hall_statues_corner_a
D:4:      layout_gridville, minmay_fractal_squares_diagonal_5, uniq_robin

Skill      XL: |  1  2  3  4 |
---------------+-------------+-----
Invocations    | 1 |  1.4
Short Blades   | 1 |  1.3
Long Blades    | 1 |  1.3
Axes           | 1 |  1.3
Maces & Flails | 1 |  1.3
Polearms       | 1 |  1.3
Staves         | 1 |  1.3
Slings         | 1 |  1.3
Bows           | 1 |  1.3
Throwing       | 1 |  1.3
Armour         | 1 |  1.3
Spellcasting   | 1 |  1.3
Evocations     | 1 |  1.3
Conjurations   | 1 |  1.0
Hexes          | 1 |  1.0
Charms         | 1 |  1.0
Summonings     | 1 |  1.0
Necromancy     | 1 |  1.0
Translocations | 1 |  1.0
Transmutations | 1 |  1.0
Fire Magic     | 1 |  1.0
Ice Magic      | 1 |  1.0
Air Magic      | 1 |  1.0
Earth Magic    | 1 |  1.0
Poison Magic   | 1 |  1.0
Fighting       | |  8.6
Crossbows      | |  2.8
Dodging        | |  2.8
Stealth        | |  2.6
Shields        | |  2.8
Unarmed Combat | |  4.7

Action                   |  1- 3 |  4- 6 || total
-------------------------+-------+-------++-------
Melee: Hand axe          |       |    10 ||    10
       Dagger            |       |    16 ||    16
       Bite              |       |     2 ||     2
 Fire: Hand crossbow     |    46 |    58 ||   104
  Use: Scroll            |       |     4 ||     4
  Eat: Chunk             |       |     3 ||     3
Armor: Chain mail        |    10 |    21 ||    31
       Leather armour    |     1 |       ||     1
Dodge: Dodged            |     2 |    10 ||    12
Block: Buckler           |       |    13 ||    13

Table legend:
 A = Non-vault XP
 B = Vault XP
 C = Vault XP percentage of total XP
 D = Non-vault monster count
 E = Vault monster count
 F = Vault count percentage of total count
                 A         B        C        D         E       F
            +---------+---------+-------+---------+---------+-------
      Total |     176 |       0 |   0.0 |      45 |       0 |   0.0
            +---------+---------+-------+---------+---------+-------
        D:1 |      25 |       0 |   0.0 |      14 |       0 |   0.0
        D:2 |      60 |       0 |   0.0 |       9 |       0 |   0.0
        D:3 |      85 |       0 |   0.0 |      19 |       0 |   0.0
        D:4 |       6 |       0 |   0.0 |       3 |       0 |   0.0
            +---------+---------+-------+---------+---------+-------
